 Dungeon Sprint DCSS version 0.29.1-2-gbd0b4ee654 (webtiles) character file.

Game seed: 17232615936119285561

6706 Zeld the Severer (level 10, -4/156 HPs)
             Began as a Minotaur Berserker on Oct 31, 2022.
             Was the Champion of Trog.
             Succumbed to a redback's poison
             ... in the Dungeon (Sprint VII: "The Pits").
             The game lasted 00:02:05 (2621 turns).

Zeld the Severer (Minotaur Berserker)               Turns: 2621, Time: 00:02:06

Health: -4/156     AC: 14    Str: 29    XL:     10   Next: 74%
Magic:  9/9        EV: 15    Int:  4    God:    Trog [******]
Gold:   0          SH:  0    Dex: 10    Spells: 9/9 levels left

rFire   . . .      SeeInvis .   a - +1 executioner's axe
rCold   . . .      Faith    .   (shield currently unavailable)
rNeg    . . .      Spirit   .   b - +3 scale mail
rPois   .          Reflect  .   (helmet restricted)
rElec   .          Harm     .   (no cloak)
rCorr   .          Rampage  .   (no gloves)
Will    .....      NoTele   +   l - +0 pair of boots
Stlth   ..........              (no amulet)
HPRegen 0.36/turn               m - +3 ring of strength
MPRegen 0.11/turn               (no ring)

@: berserking, lethally poisoned (-4 -> -89), very quick
A: horns 2, retaliatory headbutt
a: Renounce Religion, Berserk, Trog's Hand, Brothers in Arms


You were in the Dungeon.
You worshipped Trog.
Trog was exalted by your worship.
You visited 1 branch

Inventory:

Hand Weapons
 a - a +1 executioner's axe (weapon)
 o - a +3 war axe of flaming
Armour
 b - a +3 scale mail (worn)
 l - a +0 pair of boots (worn)
Jewellery
 m - a +3 ring of strength (left hand)
Wands
 k - a wand of polymorph (11)
Scrolls
 h - a scroll of blinking
 j - a scroll of summoning
Potions
 c - 11 potions of curing
 d - 10 potions of heal wounds
 e - a potion of haste
 f - 4 potions of magic
 g - 3 potions of berserk rage
 i - 2 potions of invisibility
 n - 2 potions of mutation


   Skills:
 + Level 14.4 Fighting
 * Level 19.5 Axes
 + Level 14.1 Armour
 + Level 13.0 Dodging


You had 9 spell levels left.
You didn't know any spells.
Your spell library was empty.

Dungeon Overview and Level Annotations

Branches:
Dungeon (1/1)

Altars:
Ashenzari
Cheibriados
Dithmenos
Elyvilon
Fedhas
Gozag
Hepliaklqana
Kikubaaqudgha
Makhleb
Nemelex Xobeh
Okawaru
Qazlal
Ru
Sif Muna
Trog
Uskayaw
Vehumet
Wu Jian
Xom
Yredelemnul
Zin
The Shining One
Jiyva
Lugonu


Innate Abilities, Weirdness & Mutations

You have a pair of horns on your head.
You reflexively headbutt those who attack you in melee.


Message History

* * * LOW HITPOINT WARNING * * *
You feel extremely sick. The redback completely misses you.
The redback barely misses you. You furiously retaliate!
You headbutt the redback! The culicivora misses you.
Unknown command.
You closely miss the redback.
The redback is moderately wounded.
You slice the culicivora!!
You kill the culicivora!
Trog accepts your kill.
You closely miss the quokka. You closely miss the redback.
* * * LOW HITPOINT WARNING * * *
You feel extremely sick.
The redback bites you but does no damage.
The redback bites you.
* * * LOW HITPOINT WARNING * * *
You are more poisoned.
The redback poisons you! The quokka bites you.
* * * LOW HITPOINT WARNING * * *
Your Dodging skill increases to level 13!
Unknown command.
You slice the redback!!
You kill the redback!
Trog accepts your kill.
You slash the quokka!
You kill the quokka!
Trog accepts your kill.
You barely miss the redback. You slash the adder zombie!
You feel the power of Trog in you as your rage grows.
You destroy the adder zombie!
Trog accepts your kill.
* * * LOW HITPOINT WARNING * * *
You feel extremely sick. The redback bites you.
* * * LOW HITPOINT WARNING * * *
Unknown command.
You slice the redback!!
You kill the redback!
Trog accepts your kill.
You die...

'###### '# #####
########
.###...###..'...#
..##...##..##...###
...##'##..###...+.##
#..........##††.#..##
).###'###...##'##...#
)##..().##..#...#†..#
.'.......'..'..)@...+
.##.....##..#...#...#
..###'###...##)##...#
#..........##÷.÷#..##
...##)##..###.).+.##
..##.†.##..##)..###
.###...###..)...# ##
##### ########


There were no monsters in sight!

Vanquished Creatures
  A minotaur (D)
  Erolcha (D)
  Urug (D)
  A shadow wraith (D)
  A cyclops (D)
  Joseph (D)
  An elephant (D)
  A komodo dragon (D)
  A kobold demonologist (D)
  Grinder (D)
  A flying skull (D)
  A snapping turtle (D)
  A culicivora (D)
  A shadow (D)
  A spriggan (D)
  4 yaks (D)
  3 redbacks (D)
  A floating eye (D)
  A black bear (D)
  An ice beast (D)
  5 wolves (D)
  A centaur (D)
  A scorpion (D)
  A crimson imp (D)
  2 hounds (D)
  An orc priest (D)
  An orc wizard (D)
  2 adders (D)
  A river rat (D)
  An adder zombie (D)
  4 orcs (D)
  A ball python (D)
  2 bats (D)
  A giant cockroach (D)
  8 jackals (D)
  5 kobolds (D)
  3 quokkas (D)
  A frilled lizard (D)
  A giant cockroach zombie (D)
  A rat (D)
68 creatures vanquished.

Notes
Turn   | Place    | Note
-------+----------+-------------------------------------------
     0 | D        | Zeld the Minotaur Berserker began the quest for the Orb.
     0 | D        | Reached XP level 1. HP: 19/19 MP: 0/0
    15 | D        | Reached skill level 4 in Axes
   109 | D        | Found a bloodstained altar of Trog.
   109 | D        | Found a shimmering blue altar of Sif Muna.
   109 | D        | Found a viscous altar of Jiyva.
   109 | D        | Found a hazy altar of Hepliaklqana.
   109 | D        | Found an opulent altar of Gozag.
   138 | D        | Found a glowing golden altar of the Shining One.
   138 | D        | Found a glowing silver altar of Zin.
   138 | D        | Found a basalt altar of Yredelemnul.
   138 | D        | Found a shimmering altar of Xom.
   138 | D        | Found an ornate altar of the Wu Jian Council.
   138 | D        | Found a sacrificial altar of Ru.
   138 | D        | Found a stormy altar of Qazlal.
   138 | D        | Found an iron altar of Okawaru.
   138 | D        | Found a sparkling altar of Nemelex Xobeh.
   138 | D        | Found a burning altar of Makhleb.
   138 | D        | Found a blossoming altar of Fedhas.
   138 | D        | Found a white marble altar of Elyvilon.
   138 | D        | Found a shadowy altar of Dithmenos.
   138 | D        | Found a snail-covered altar of Cheibriados.
   139 | D        | Found a radiant altar of Vehumet.
   139 | D        | Found a corrupted altar of Lugonu.
   140 | D        | Found an ancient bone altar of Kikubaaqudgha.
   140 | D        | Found a hide-covered altar of Uskayaw.
   140 | D        | Found a broken altar of Ashenzari.
   176 | D        | Reached ** piety under Trog
   284 | D        | Reached XP level 2. HP: 27/27 MP: 1/1
   286 | D        | Reached *** piety under Trog
   289 | D        | Reached skill level 5 in Axes
   300 | D        | Noticed a floating eye
   302 | D        | Paralysed by a floating eye for 3 turns
   308 | D        | Reached **** piety under Trog
   308 | D        | Killed a floating eye
   309 | D        | Reached skill level 8 in Axes
   309 | D        | Reached skill level 5 in Armour
   309 | D        | Reached skill level 5 in Dodging
   309 | D        | Reached XP level 3. HP: 38/38 MP: 2/2
   309 | D        | Reached XP level 4. HP: 45/45 MP: 3/3
   309 | D        | Reached XP level 5. HP: 51/51 MP: 4/4
   581 | D        | Noticed Grinder
   583 | D        | Reached ***** piety under Trog
   598 | D        | Killed Grinder
   599 | D        | Reached skill level 10 in Axes
   599 | D        | Reached XP level 6. HP: 55/61 MP: 5/5
   871 | D        | Noticed a flying skull
   881 | D        | Killed a flying skull
   881 | D        | Received a gift from Trog
   882 | D        | Reached skill level 11 in Axes
   891 | D        | Noticed a komodo dragon
   894 | D        | Killed a komodo dragon
   895 | D        | Reached skill level 12 in Axes
   895 | D        | Reached XP level 7. HP: 55/71 MP: 6/6
  1016 | D        | Reached skill level 13 in Axes
  1018 | D        | Reached skill level 10 in Fighting
  1157 | D        | Noticed a kobold demonologist
  1167 | D        | Noticed an orange demon
  1173 | D        | Received a gift from Trog
  1175 | D        | Killed a kobold demonologist
  1176 | D        | Reached skill level 14 in Axes
  1176 | D        | Reached skill level 10 in Armour
  1176 | D        | Reached XP level 8. HP: 80/80 MP: 7/7
  1334 | D        | Noticed Joseph
  1334 | D        | Noticed a minotaur
  1340 | D        | Killed a minotaur
  1341 | D        | Reached skill level 15 in Axes
  1341 | D        | Reached skill level 10 in Dodging
  1341 | D        | Reached ****** piety under Trog
  1342 | D        | Reached XP level 9. HP: 70/89 MP: 8/8
  1342 | D        | Killed Joseph
  1343 | D        | Reached skill level 16 in Axes
  1343 | D        | Received a gift from Trog
  1547 | D        | Killed a shadow wraith
  1548 | D        | Reached skill level 17 in Axes
  1760 | D        | Noticed a cyclops
  1764 | D        | Killed a cyclops
  1764 | D        | Received a gift from Trog
  2084 | D        | Noticed Urug
  2088 | D        | Received a gift from Trog
  2091 | D        | Killed Urug
  2092 | D        | Reached skill level 18 in Axes
  2092 | D        | Reached XP level 10. HP: 63/101 MP: 9/9
  2306 | D        | Noticed Erolcha
  2319 | D        | Killed Erolcha
  2319 | D        | Received a gift from Trog
  2542 | D        | Noticed an elephant
  2547 | D        | Killed an elephant
  2548 | D        | Reached skill level 19 in Axes
  2613 | D        | Received a gift from Trog
  2620 | D        | HP: 7/156 [redback (4)]
  2621 | D        | Succumbed to a redback's poison

Illustrated notes

Levels and vault maps discovered:
D:        pitsprint [storerooms_1, entrance_room_1, metal_vault_5, armoury_3,
          mini_pit_1, grid_room_1, main_hall_1, silver_pit, the_coven_1,
          the_vestibule_1, steel_vault_3, golden_pit, hallway_of_sentries,
          crystal_vault_5, iron_vault_3, final_vault]

Skill      XL: |  1  2  3  4  5  6  7  8  9 10 |
---------------+-------------------------------+-----
Axes           | 4 8 10 12 14 15 18 19 | 19.5
Fighting       | 4 6 8 9 10 11 13 14 | 14.4
Armour         | 3 5 7 9 10 11 13 14 | 14.1
Dodging        | 5 6 8 9 10 12 13 | 13.0

Action                   |  1- 3 |  4- 6 |  7- 9 | 10-12 || total
-------------------------+-------+-------+-------+-------++-------
Melee: Hand axe          |    25 |    30 |       |       ||    55
       Headbutt          |     4 |     4 |     8 |     4 ||    20
       Battleaxe         |       |     3 |    71 |    12 ||    86
       Punch             |       |     1 |       |       ||     1
       Executioner's axe |       |       |       |    12 ||    12
Invok: Berserk           |     1 |       |     4 |     3 ||     8
Armor: Animal skin       |     6 |       |       |       ||     6
       Skin              |       |     5 |       |       ||     5
       Scale mail        |       |     7 |    32 |    11 ||    50
Dodge: Dodged            |    17 |     7 |    43 |    16 ||    83
